 Dungeon Crawl Stone Soup version 0.32-a0-699-g1ee5eff69a (webtiles) character file.

Game seed: 193933845302603774

10371 seren the Mimic (level 11, -3/74 HPs)
             Began as an Octopode Shapeshifter on Mar 13, 2024.
             Was an Initiate of Gozag.
             Slain by a tengu warrior
             ... wielding a +0 war axe
              (7 damage)
             ... on level 12 of the Dungeon.
             The game lasted 00:30:02 (12105 turns).

seren the Mimic (Octopode Shapeshifter)            Turns: 12105, Time: 00:30:03

Health: -3/74      AC:  5    Str: 22    XL:     11   Next: 61%
Magic:  11/11      EV: 19    Int: 12    God:    Gozag
Gold:   2085       SH:  4    Dex: 14    Spells: 10/10 levels left

rFire   . .          .
                       - Unarmed
rCold   . . .        s - melded +1 buckler
rNeg    . . .        F - +2 hat
rPois   +            (no amulet)
rElec   .            g - ring of resist corrosion
rCorr   +            n - +6 ring of strength
SInv    .            (no ring)
Will    .....        (no ring)
Stlth   ++           (no ring)
HPRegen 0.32/turn    (no ring)
MPRegen 0.12/turn    (no ring)
                     (no ring)

%: no passive effects
@: flux-form, gold aura, glowing
A: glow, contaminating, almost no armour, amphibious, 8 rings, camouflage 1,
gelatinous body 1, (nimble swimmer 1), tentacles, iridescent scales 1, large
bone plates 1, poison resistance
a: Begin Untransformation, Renounce Religion, Potion Petition, Call Merchant,
Bribe Branch


You were on level 12 of the Dungeon.
You worshipped Gozag.
Gozag was most pleased with you.
You were something dangerously unstable.
You visited 2 branches of the dungeon, and saw 13 of its levels.

You collected 2187 gold pieces.
You spent 39 gold pieces at shops.
You paid 63 gold pieces to Gozag.

Inventory:

Hand Weapons
 b - the +1 sling of Skirmishing {speed, Str+5 SInv}
   (You found it on level 6 of the Dungeon)

   Str+5:     It affects your strength (+5).
   SInv:      It lets you see invisible.
 e - a +0 triple crossbow
 H - a +2 antimagic spear
 J - the +3 dagger "Beetleslayer" {freeze, Will+ Dex+5}
   (You found it on level 10 of the Dungeon)

   Dex+5:     It affects your dexterity (+5).
   Will+:     It increases your willpower.
Missiles
 r - 12 boomerangs (quivered)
 y - 30 poisoned darts
Armour
 s - a +1 buckler (melded)
 F - a +2 hat (worn)
Jewellery
 g - a ring of resist corrosion (left tentacle)
 n - a +6 ring of strength (right tentacle)
Talismans
 c - a flux talisman (active)
 i - a blade talisman
 C - a beast talisman
 D - a serpent talisman
Wands
 x - a wand of charming (21)
 A - a wand of light (15)
Scrolls
 f - 2 scrolls of fog
 h - a scroll of immolation
 m - a scroll of blinking {unknown}
 o - 2 scrolls of noise
 p - 5 scrolls of teleportation {!r}
 v - 3 scrolls of enchant weapon {unknown}
 B - 3 scrolls of silence {unknown}
 E - a scroll of amnesia {unknown}
 G - a scroll of torment {unknown}
 I - a scroll of poison {unknown}
 L - a scroll of enchant armour
Potions
 a - 2 potions of lignification
 d - 4 potions of attraction
 j - a potion of heal wounds
 k - a potion of might {unknown}
 l - 2 potions of brilliance
 q - a potion of haste
 t - 4 potions of curing {unknown}
 u - 3 potions of enlightenment
 w - a potion of mutation {!q}
 z - a potion of cancellation {unknown}
 K - a potion of magic {unknown}


   Skills:
 + Level 6.9 Fighting
 - Level 4.0 Ranged Weapons
 + Level 7.0 Dodging
 - Level 6.0 Stealth
 - Level 5.0 Shields
 + Level 8.0 Unarmed Combat
 - Level 5.0 Evocations
 * Level 9.4 Shapeshifting


You had 10 spell levels left.
You didn't know any spells.
Your spell library contained the following spells:

 Spells                   Type           Power      Damage    Failure   Level
 Apportation              Tloc           0%         N/A       32%         1
 Jinxbite                 Hex            0%         N/A       45%         2
 Fugue of the Fallen      Necr           0%         N/A       69%         3
 Ozocubu's Armour         Ice            0%         N/A       69%         3
 Tukima's Dance           Hex            0%         N/A       69%         3
 Manifold Assault         Tloc           0%         N/A       97%         4
 Passage of Golubria      Tloc           0%         N/A       97%         4
 Vhi's Electric Charge    Tloc/Air       0%         N/A       97%         4
 Alistair's Intoxication  Alch           0%         N/A       100%        5
 Arcjolt                  Conj/Air       0%         1d10      100%        5
 Yara's Violent Unravell  Hex/Alch       0%         3d3       100%        5
 Plasma Beam              Fire/Air       0%         2x1d10    100%        6


Dungeon Overview and Level Annotations

Branches:
Dungeon (11/15)            Temple (1/1) D:4            Lair (0/5) D:10
    Orc: D:9-12

Altars:
Ashenzari
Cheibriados
Dithmenos
Elyvilon
Fedhas
Gozag
Hepliaklqana
Makhleb
Nemelex Xobeh
Okawaru
Qazlal
Ru
Trog
Uskayaw
Vehumet
Wu Jian
Xom
Yredelemnul
Zin
The Shining One

Shops:
D:3 *(

Annotations:
D:6 1 runed translucent door, Pim's ghost, novice MDRe
D:8 exclusion: two-headed ogre


Innate Abilities, Weirdness & Mutations

You are something dangerously unstable.
You glow with magical radiation, making you easy to see and hit.
Foes you strike become dangerously contaminated with magical radiation.
You are incapable of wielding weapons or throwing items.
You cannot wear most types of armour.
You are amphibious.
You can wear up to eight rings at the same time.
Your skin changes colour to match your surroundings (Stealth+).
Your rubbery body absorbs attacks. (AC +1, EV +1)
((You are camouflaged when in or above water. (Stealth+)))
You have tentacles for arms and can constrict up to eight enemies at once.
You are partially covered in iridescent scales. (AC +2)
You are partially covered in large bone plates. (SH +4)
Your system is resistant to poisons. (rPois)


Message History

The tengu conjurer pecks you. The tengu conjurer claws you.
You block the tengu warrior's attack. The tengu warrior misses you. x2
You tentacle-slap the tengu conjurer.
The tengu conjurer shudders as magic cascades through it!!
You kill the tengu conjurer!
The tengu warrior hits you with a +0 war axe!
* * * LOW HITPOINT WARNING * * *
The tengu warrior misses you.
The tengu warrior completely misses you.
The tengu warrior blocks your attack.
Your grab misses the tengu warrior.
You squeeze the tengu warrior, but do no damage.
The tengu warrior hits you with a +0 war axe.
* * * LOW HITPOINT WARNING * * *
You block the tengu warrior's attack. The tengu warrior claws you.
* * * LOW HITPOINT WARNING * * *
You closely miss the tengu warrior. You grab the tengu warrior.
You constrict the tengu warrior.
The tengu warrior hits you with a +0 war axe!
* * * LOW HITPOINT WARNING * * *
The tengu warrior pecks you.
* * * LOW HITPOINT WARNING * * *
The tengu warrior claws you but does no damage.
You bludgeon the tengu warrior!
The tengu warrior begins to glow.
The tengu warrior is lightly wounded.
You constrict the tengu warrior!
The tengu warrior hits you with a +0 war axe!
* * * LOW HITPOINT WARNING * * *
The tengu warrior pecks you.
* * * LOW HITPOINT WARNING * * *
The tengu warrior closely misses you.
Okay, then.
As you read the scroll labelled PUVAAKI LOPROS, it crumbles to dust.
The creatures around you are filled with an inner flame!
It was a scroll of immolation.
You constrict the tengu warrior!
Flame seeps out of the tengu warrior.
The tengu warrior is engulfed in blazing flames.
Flame seeps out of the tengu warrior.
The tengu warrior hits you with a +0 war axe!
You die...
Your body crumbles into a pile of gold.

# #. # #. # ..#
#.######.##.
....#...........
#..)....$....#
#.....p.#
#.#####Q# .# .#
.. .# .. ..


You could see a tengu warrior (inner flame, contam).

Vanquished Creatures
  A komodo dragon (D:10)
  A tengu conjurer (D:12)
  A troll (D:12)
  A hornet (D:9)
  2 wyverns
  21 yaks
  A steam dragon (D:8)
  2 wraiths
  A steam dragon (shapeshifter) (D:10)
  2 acid dragons
  3 water moccasins
  4 orc warriors
  2 sky beasts
  3 black bears
  An ice beast (D:8)
  3 ogres
  6 centaurs
  2 phantoms (D:5)
  5 kobold brigands
  A bullfrog (D:6)
  A gnoll sergeant (D:10)
  2 scorpions
  13 wights
  8 killer bees
  2 electric eels (D:7)
  A howler monkey (D:12)
  3 bombardier beetles
  3 gnoll boudas (D:5)
  4 hounds
  7 jellies
  6 orc priests
  4 sleepcaps (D:7)
  5 iguanas
  10 orc wizards
  7 adders
  23 gnolls
  A shadow imp (D:6)
  2 white imps
  2 ufetubi (D:3)
  2 ribbon worms (D:2)
  4 dart slugs
  23 orcs
  3 ball pythons
  2 bats
  7 endoplasms
  2 giant cockroaches
  6 goblins
  9 hobgoblins
  3 jackals (D:2)
  26 kobolds
  6 quokkas
  4 frilled lizards
  5 rats
269 creatures vanquished.

Notes
Turn   | Place    | Note
-------+----------+-------------------------------------------
     0 | D:1      | seren the Octopode Shapeshifter began the quest for the
                  | Orb.
     0 | D:1      | Reached XP level 1. HP: 13/13 MP: 1/1
    56 | D:1      | Found a faded altar of an unknown god.
   154 | D:1      | Reached XP level 2. HP: 18/18 MP: 2/2
   687 | D:1      | Reached skill level 1 in Stealth
   769 | D:1      | Reached XP level 3. HP: 23/23 MP: 3/3
  1374 | D:2      | Reached XP level 4. HP: 29/29 MP: 4/4
  1832 | D:3      | Found Duqoixal's Antique Weapon Shop.
  2118 | D:3      | Reached XP level 5. HP: 18/34 MP: 5/5
  2289 | D:3      | Found Tusuol's General Store.
  2295 | D:3      | Bought a scroll of teleportation for 39 gold pieces
  2698 | D:4      | Reached skill level 4 in Shapeshifting
  2764 | D:4      | Reached XP level 6. HP: 33/40 MP: 6/6
  2934 | D:4      | Noticed a black bear
  2951 | D:4      | Killed a black bear
  2952 | D:4      | Reached XP level 7. HP: 44/45 MP: 7/7
  3048 | D:4      | Found a staircase to the Ecumenical Temple.
  3054 | Temple   | Entered the Ecumenical Temple
  3063 | Temple   | Became a worshipper of Gozag Ym Sagoz the Greedy
  3257 | D:4      | Reached skill level 5 in Unarmed Combat
  3628 | D:5      | Entered Level 5 of the Dungeon
  3720 | D:5      | Reached skill level 1 in Shields
  3733 | D:5      | Reached skill level 5 in Shapeshifting
  3918 | D:5      | Reached XP level 8. HP: 51/52 MP: 8/8
  4335 | D:5      | Reached skill level 1 in Evocations
  4415 | D:5      | Identified the +2 pair of boots "Wauphaat" {rN+ Stlth+}
  4916 | D:6      | Reached skill level 5 in Stealth
  5072 | D:5      | Reached skill level 6 in Shapeshifting
  5072 | D:5      | Reached XP level 9. HP: 29/58 MP: 9/9
  5677 | D:6      | Identified the +1 sling of Skirmishing {speed, Str+5 SInv}
  5881 | D:6      | Found a runed translucent door.
  5881 | D:6      | Noticed Pim's ghost (novice MDRe)
  6222 | D:7      | Reached skill level 1 in Ranged Weapons
  6822 | D:7      | Reached skill level 5 in Dodging
  7032 | D:8      | Noticed a two-headed ogre
  7467 | D:8      | Reached skill level 7 in Shapeshifting
  7517 | D:8      | Reached skill level 5 in Fighting
  7545 | D:8      | Reached XP level 10. HP: 66/66 MP: 10/10
  7742 | D:8      | Reached skill level 5 in Shields
  9058 | D:9      | Reached skill level 5 in Evocations
  9189 | D:9      | Reached skill level 8 in Shapeshifting
  9627 | D:9      | Gained mutation: Your system is resistant to poisons.
                  | (rPois) [potion of mutation]
  9627 | D:9      | Gained mutation: You are partially covered in large bone
                  | plates. (SH +4) [potion of mutation]
  9627 | D:9      | Gained mutation: You are partially covered in iridescent
                  | scales. (AC +2) [potion of mutation]
  9914 | D:9      | Reached XP level 11. HP: 44/72 MP: 11/11
 10516 | D:10     | Entered Level 10 of the Dungeon
 10584 | D:10     | Found a staircase to the Lair.
 10659 | D:10     | Identified the +3 dagger "Beetleslayer" {freeze, Will+
                  | Dex+5}
 11306 | D:10     | Reached skill level 9 in Shapeshifting
 11834 | D:11     | You fall into a shaft and drop 1 floor!
 11985 | D:12     | Noticed a cyclops
 12053 | D:12     | Noticed a skeletal warrior
 12053 | D:12     | Noticed a skeletal warrior
 12095 | D:12     | Noticed a tengu warrior
 12105 | D:12     | Slain by a tengu warrior

Illustrated notes

Levels and vault maps discovered:
D:1:      amcnicky_arrival_flooded_fountain, layout_loops_corners,
          shapermc_ecumenical_altar_totnotflames, corexii_corridor_pit
D:2:      minmay_diamond_boxcup, layout_basic, chequers_serial_rivers_micro_e
D:3:      layout_basic, serial_shops, nicolae_shop_tiny_glass, shop
D:4:      layout_cave_pools, minmay_temple_entry_enclosed_plants,
          supply_closet_lemuel, minmay_misc_feat_tiny
D:5:      layout_loops_ring
D:6:      layout_rooms, gammafunk_ghost_grave
D:7:      layout_cave_pools, minivault_4, hellmonk_no_cap
D:8:      layout_basic, gammafunk_temple_overflow_statue
D:9:      layout_cave_pods, chequers_serial_rivers_marsh
D:10:     layout_cave_pods, david_lair_shrubbed
D:11:     layout_basic, minmay_the_grid_2x2 [minmay_the_grid_medium_cups,
          minmay_the_grid_large_cup, minmay_the_grid_minigrid_small_alt,
          minmay_the_grid_prize_four_corners_diamond_a], uniq_maurice
D:12:     layout_basic, david_orc_3, grunt_decor_mini_mirrors
Temple:   nicolae_temple_bog_church

Skill      XL: |  1  2  3  4  5  6  7  8  9 10 11 |
---------------+----------------------------------+-----
Stealth        | 1 2 3 4 5 6 |  6.0
Fighting       | 2 3 4 5 6 |  6.9
Unarmed Combat | 4 5 6 7 8 |  8.0
Shapeshifting  | 4 5 6 7 8 9 |  9.4
Dodging        | 3 4 5 6 7 |  7.0
Shields        | 1 2 4 5 |  5.0
Evocations     | 2 3 5 |  5.0
Ranged Weapons | 2 3 4 |  4.0

Action                     |  1- 3 |  4- 6 |  7- 9 | 10-12 || total
---------------------------+-------+-------+-------+-------++-------
  Melee: Unarmed           |    61 |    73 |   223 |   320 ||   677
         Constrict         |    16 |    21 |    59 |    49 ||   145
         Tentacles         |    12 |    21 |    62 |   100 ||   195
         Punch             |     1 |     2 |    10 |       ||    13
   Fire: Sling             |       |       |    49 |       ||    49
  Throw: Boomerang         |       |       |    17 |       ||    17
Ability: Begin Untransform |       |       |     1 |       ||     1
    Use: Scroll            |       |       |     6 |     4 ||    10
         Potion            |       |       |       |     8 ||     8
   Stab: Sleeping          |     7 |     6 |    12 |       ||    25
         Distracted        |       |       |     3 |     2 ||     5
 Armour: Skin              |    20 |    23 |   102 |   134 ||   279
  Dodge: Dodged            |    21 |    30 |    94 |   230 ||   375
  Block: Buckler           |       |     1 |    41 |     2 ||    44
         Other             |       |       |       |    24 ||    24
   Form: Flux              |       |       |     2 |       ||     2
         Beast             |       |       |     1 |       ||     1

Table legend: (Time is in decaauts)
 A = Elapsed time spent in this place.
 B = Non-inter-level travel time spent in this place.
 C = Inter-level travel time spent in this place.
 D = Time resting spent in this place.
 E = Time spent auto-exploring this place.
 F = Levels seen in this place.
 G = Mean time per level.
                   A        B        C        D        E       F      G
               +--------+--------+--------+--------+--------+-----+--------+
         Total |  12012 |  11395 |    617 |   2787 |   5225 |  13 |  924.0 |
       Dungeon |  11993 |  11384 |    609 |   2787 |   5225 |  12 |  999.4 |
        Temple |     18 |     10 |      8 |      0 |      0 |   1 |   18.0 |
               +--------+--------+--------+--------+--------+-----+--------+

Top non-repeatable levels by time:
     D:9: 1832 daAuts
     D:5: 1550 daAuts
     D:7: 1407 daAuts
     D:8: 1217 daAuts
     D:3: 1184 daAuts
    D:10: 1141 daAuts
     D:1: 876 daAuts
     D:6: 874 daAuts
     D:2: 842 daAuts
     D:4: 700 daAuts
    D:12: 268 daAuts
    D:11: 98 daAuts
  Temple: 18 daAuts
